 Dungeon Crawl Stone Soup version 0.30-a0-1018-g25214051b3 (webtiles) character file.

Game seed: 1861700053797843337

330 Jase the Caller (level 6, -5/41 HPs)
             Began as a Merfolk Summoner on Apr 7, 2023.
             Killed from afar by Ijyb (10 damage)
             ... with a bolt of light
             ... on level 5 of the Dungeon.
             The game lasted 00:19:04 (3757 turns).

Jase the Caller (Merfolk Summoner)                  Turns: 3757, Time: 00:19:04

Health: -5/41      AC:  3    Str:  9    XL:     6   Next: 51%
Magic:  6/11       EV: 12    Int: 16    God:
Gold:   231        SH:  0    Dex: 14    Spells: 3/12 levels left

rFire   . . .      SeeInvis .    a - +0 trident
rCold   . . .      Faith    .    (no shield)
rNeg    . . .      Spirit   .    w - +0 robe
rPois   .          Reflect  .    (no helmet)
rElec   .          Rampage  .    (no cloak)
rCorr   .                        (no gloves)
Will    +....                    i - +0 pair of boots
Stlth   +                        h - amulet of regeneration
HPRegen 1.06/turn                d - ring of willpower
MPRegen 0.12/turn                o - ring of flight

@: confused, flying
A: (nimble swimmer 2), mertail
a: no special abilities


You were on level 5 of the Dungeon.
You visited 1 branch of the dungeon, and saw 5 of its levels.

You collected 231 gold pieces.

Inventory:

Hand Weapons
 a - a +0 trident (weapon)
 b - a +1 whip of freezing
 c - a +0 halberd
Armour
 i - a +0 pair of boots (worn)
 w - a +0 robe (worn)
Jewellery
 d - a ring of willpower (left hand)
 h - an amulet of regeneration (around neck)
 o - a ring of flight (right hand)
Scrolls
 f - 4 scrolls of identify {unknown}
 g - 2 scrolls of immolation {unknown}
 j - 2 scrolls of enchant weapon {unknown}
 k - a scroll of enchant armour {unknown}
 l - a scroll of fog {unknown}
 m - 2 scrolls of teleportation {unknown}
 n - 3 scrolls of noise {unknown}
 p - 2 scrolls of blinking {unknown}
 t - a scroll of torment {unknown}
 u - a scroll of brand weapon {unknown}
Potions
 e - 2 potions of attraction {unknown}
 q - 3 potions of mutation {unknown}
 r - a potion of lignification {unknown}
 s - 2 potions of berserk rage {unknown}
 v - a potion of magic
 x - a potion of brilliance {unknown}


   Skills:
 + Level 1.5 Polearms
 - Level 2.6 Dodging
 - Level 2.1 Stealth
 + Level 3.7 Spellcasting
 * Level 6.5 Summonings


You had 3 spell levels left.
You knew the following spells:

 Your Spells              Type           Power      Damage    Failure   Level
a - Summon Small Mammal   Summ           92%        N/A       1%          1
b - Call Imp              Summ           46%        N/A       1%          2
c - Call Canine Familiar  Summ           23%        N/A       3%          3
d - Summon Guardian Gole  Hex/Summ       13%        N/A       14%         3

Your spell library contained the following spells:

 Spells                   Type           Power      Damage    Failure   Level
 Sandblast                Erth           4%         2d4       17%         1
 Passwall                 Tmut/Erth      1%         N/A       26%         2
 Stone Arrow              Conj/Erth      4%         3d7       45%         3
 Animate Armour           Summ/Erth      26%        N/A       41%         4
 Summon Lightning Spire   Summ/Air       13%        N/A       41%         4
 Blade Hands              Tmut           1%         N/A       99%         5
 Iron Shot                Conj/Erth      1%         9d1       100%        6


Dungeon Overview and Level Annotations

Branches:
Dungeon (5/15)
 Temple: D:4-7

Altars:
Makhleb
Yredelemnul

Shops:
D:4 =

Annotations:
D:4 3 runed translucent doors, puppykicker's ghost, amateur DsHW
D:5 Ijyb


Innate Abilities, Weirdness & Mutations

((You are very nimble when in or above water. (Stealth+, EV+, Speed+++)))
Your lower body shifts to a powerful aquatic tail in water.


Message History

Your bat closely misses Ijyb.
Your bat barely misses the hound.
The hound bites you.
Your cerulean imp completely misses Ijyb.
Ijyb hits you with a +0 club.
Your bat hits Ijyb but does no damage. The hound bites you.
You hit the hound.
The hound is moderately wounded.
Your bat closely misses Ijyb.
The hound bites you but does no damage. Ijyb closely misses you.
Your cerulean imp closely misses Ijyb.
Your cerulean imp misses Ijyb.
The hound bites you but does no damage. Ijyb hits you with a +0 club.
You hit Ijyb but do no damage. Your bat misses Ijyb.
The hound barely misses you.
Your cerulean imp misses Ijyb.
Ijyb hits you with a +0 club.
You closely miss Ijyb.
Your bat closely misses Ijyb.
The hound barely misses you.
Your bat misses Ijyb. The hound closely misses you.
Your cerulean imp hits Ijyb but does no damage.
Your bat barely misses Ijyb.
Ijyb hits you with a +0 club.
You hit Ijyb.
Ijyb is lightly wounded.
Your bat hits Ijyb but does no damage. The hound barely misses you.
Your cerulean imp closely misses Ijyb.
Ijyb hits you with a +0 club. The hound misses you.
Your bat hits Ijyb but does no damage. You barely miss Ijyb.
Ijyb is lightly wounded.
Your bat barely misses Ijyb. x2; The hound bites you.
Your cerulean imp hits Ijyb but does no damage.
Ijyb zaps a wand.
The bolt of light hits you!
* * * LOW HITPOINT WARNING * * *
Your bat hits Ijyb but does no damage. The hound barely misses you.
Okay, then.
Okay, then.
Unknown command.
Casting: Summon Small Mammal (safe; 1% risk of failure)
Confirm with . or Enter, or press ? or * to list all spells.
Your bat barely misses Ijyb.
Your bat closely misses Ijyb.
Ijyb zaps a wand.
The bolt of light hits you!
You are confused.
You die...

#.########
#...@h...#
###.bgh.....
##.5....##
#####....
##.


You could see Ijyb (ally target), a hound, a friendly hound (summoned), a
friendly cerulean imp (summoned) and a friendly bat (summoned).

Vanquished Creatures
  A scorpion (D:4)
  A gnoll (D:3)
  An adder (D:4)
  A ball python (D:2)
  3 goblins
  2 kobolds (D:1)
  A quokka (D:2)
  2 frilled lizards
12 creatures vanquished.

Vanquished Creatures (collateral kills)
  A necrophage (D:4)
  2 scorpion zombies (D:4)
  A hound skeleton (D:4)
  2 gnolls (D:4)
  3 adders
  A worm (D:3)
  A dart slug (D:4)
  7 orcs
  A bat (D:2)
  5 endoplasms
  A giant cockroach (D:4)
  6 goblins
  10 hobgoblins
  3 kobolds
  3 quokkas
  5 ball pythons
  3 frilled lizards (D:1)
  4 rats
59 creatures vanquished.

Grand Total: 71 creatures vanquished

Notes
Turn   | Place    | Note
-------+----------+-------------------------------------------
     0 | D:1      | Jase the Merfolk Summoner began the quest for the Orb.
     0 | D:1      | Reached XP level 1. HP: 13/13 MP: 3/3
   180 | D:1      | Reached XP level 2. HP: 19/19 MP: 1/5
   498 | D:1      | Learned a level 2 spell: Call Imp
   984 | D:1      | Reached XP level 3. HP: 22/24 MP: 3/6
  1744 | D:3      | Learned a level 3 spell: Call Canine Familiar
  1751 | D:3      | Reached skill level 5 in Summonings
  1885 | D:3      | Reached XP level 4. HP: 30/30 MP: 3/8
  2071 | D:3      | Found a faded altar of an unknown god.
  2670 | D:4      | Noticed a scorpion
  2679 | D:4      | Killed a scorpion
  2680 | D:4      | Reached XP level 5. HP: 27/35 MP: 6/9
  2798 | D:4      | Found a runed translucent gate.
  2798 | D:4      | Found a runed translucent gate.
  2798 | D:4      | Found a runed translucent gate.
  2798 | D:4      | Noticed puppykicker's ghost (amateur DsHW)
  2800 | D:4      | Found a basalt altar of Yredelemnul.
  2862 | D:4      | Reached skill level 6 in Summonings
  2866 | D:4      | Learned a level 3 spell: Summon Guardian Golem
  3146 | D:4      | Reached XP level 6. HP: 41/41 MP: 6/11
  3316 | D:4      | Found Cisaurec's Jewellery Shoppe.
  3424 | D:4      | Found a burning altar of Makhleb.
  3442 | D:4      | Reached skill level 1 in Polearms
  3745 | D:5      | Entered Level 5 of the Dungeon
  3745 | D:5      | Noticed Ijyb
  3757 | D:5      | Killed from afar by Ijyb

Illustrated notes

Levels and vault maps discovered:
D:1:      minmay_arrival_four_loops, layout_basic,
          chequers_serial_rivers_micro_b
D:2:      layout_rooms, minmay_misc_feat_plants
D:3:      layout_loops_cross, hellmonk_ecumenical_altar_leap_of_faith
D:4:      layout_rooms, makhleb_blood_cavern_becter,
          nicolae_yredelemnul_ghost_church, serial_shops, shop_statue
D:5:      layout_rooms, nicolae_sextant, uniq_ijyb, uniq_duvessa

Skill      XL: |  1  2  3  4  5  6 |
---------------+-------------------+-----
Summonings     | 5 6 |  6.5
Spellcasting   | 3 |  3.7
Polearms       | 1 |  1.5
Dodging        | |  2.6
Stealth        | |  2.1

Action                     |  1- 3 |  4- 6 || total
---------------------------+-------+-------++-------
  Melee: Whip              |    29 |    39 ||    68
         Dagger            |     2 |       ||     2
         Trident           |       |    14 ||    14
         Punch             |       |     1 ||     1
   Cast: Summon Small Mamm |    63 |    46 ||   109
         Call Imp          |     7 |    14 ||    21
         Call Canine Famil |       |     6 ||     6
   Stab: Sleeping          |     2 |     1 ||     3
         Distracted        |     1 |     1 ||     2
 Armour: Robe              |     4 |     8 ||    12
  Dodge: Dodged            |    17 |    46 ||    63

Table legend: (Time is in decaauts)
 A = Elapsed time spent in this place.
 B = Non-inter-level travel time spent in this place.
 C = Inter-level travel time spent in this place.
 D = Time resting spent in this place.
 E = Time spent auto-exploring this place.
 F = Levels seen in this place.
 G = Mean time per level.
                   A        B        C        D        E       F      G
               +--------+--------+--------+--------+--------+-----+--------+
         Total |   3763 |   3615 |    148 |    780 |   2035 |   5 |  752.6 |
       Dungeon |   3763 |   3615 |    148 |    780 |   2035 |   5 |  752.6 |
               +--------+--------+--------+--------+--------+-----+--------+

Top non-repeatable levels by time:
     D:1: 1121 daAuts
     D:3: 1012 daAuts
     D:4: 999 daAuts
     D:2: 617 daAuts
     D:5: 13 daAuts
